Map: Ice and Chrome LE

Players

Solar - Winner!

  • Race: Zerg Zerg
  • Spawn Location: 7:00

Liquidthermy (uThermal)

  • Race: Terran Terran
  • Spawn Location: 1:00

Event: StayAtHomestory Cup #2

VOD

Have the link to the VOD?

Description

Time

  • Played on: June 13, 2020, 5:38 a.m.
  • Length: 3:49

All games in this series

Show
View Real Time Build Order
Export as new Build Order

Solar Zerg - Winner!

Build Orders: Hatch First 

Get SALT Encoding   

  12  0:01  Drone  
  13  0:12  Overlord  
  13  0:17  Drone  
  14  0:31  Drone x2  
  16  0:47  Hatchery  
  15  0:51  Drone  
  15  0:54  Drone  
  17  0:58  Drone  
  18  1:12  Spawning Pool  
  18  1:17  Drone  
  18  1:21  Drone  
  19  1:28  Drone  
  20  1:42  Extractor  
  18  1:48  Drone  
  19  2:00  Queen x2, Zergling x4  
  25  2:04  Zergling x2  
  26  2:10  Zergling x2  
  26  2:13  Overlord  
  27  2:22  Spine Crawler  
  26  2:32  Zergling x6  
  27  2:40  Zergling x2  
  26  2:52  Zergling x2  
  26  2:56  Overlord  
  27  3:04  Spine Crawler  
  25  3:07  Zergling x4  
  27  3:15  Zergling x6  
  30  3:24  Overlord  
  30  3:29  Zergling x2  
  30  3:30  Zergling x2  
Show
View Real Time Build Order
Export as new Build Order

Liquidthermy Terran 

Build Orders:  

Get SALT Encoding   

  12  0:02  SCV  
  13  0:15  Supply Depot  
  13  0:18  SCV  
  14  0:37  Barracks  
  14  0:50  Barracks  
  14  1:03  Barracks  
  14  1:10  SCV  
  15  1:23  SCV  
  15  1:24  Marine  
  17  1:38  Marine  
  16  1:42  Marine  
  16  1:43  Supply Depot  
  16  1:44  SCV  
  18  1:51  Marine  
  18  1:56  Marine  
  18  2:00  Marine  
  18  2:01  SCV  
  21  2:09  Marine  
  22  2:16  Bunker  
  22  2:18  Marine  
  23  2:24  Marine  
  23  2:29  Marine  
  25  2:36  Marine  
  25  2:42  Marine  
  24  2:47  Marine  
  25  2:54  Marine  
  26  3:00  Marine  
  26  3:04  Marine  
  28  3:12  Marine  
  28  3:18  Marine  
  29  3:22  Marine  
  29  3:29  Marine  
Tags
 
Add a new tag
Caveats
  • Supply blocks, unpowered buildings, or Contaminate may cause inaccurate times.
  • Supply counts are checked every 10 seconds.